 Dungeon Crawl Stone Soup version 0.30-a0-170-g85af917532 (webtiles) character file.

Game seed: 8166532700838818804

221 qw the Chopper (level 5, 0/33 HPs)
             Began as a Gargoyle Fighter on Sept 30, 2022.
             Slain by Pikel
             ... wielding a +2 whip of flaming
              (1 damage)
             ... on level 4 of the Dungeon.
             The game lasted 00:00:44 (2114 turns).

qw the Chopper (Gargoyle Fighter)                   Turns: 2114, Time: 00:00:45

Health: 0/33       AC: 14    Str: 22    XL:     5   Next: 98%
Magic:  5/5        EV:  9    Int:  8    God:
Gold:   176        SH:  4    Dex:  9    Spells: 4/4 levels left

rFire   . . .      SeeInvis .    Y - +0 war axe
rCold   . . .      Faith    .    c - +0 buckler
rNeg    + . .      Spirit   .    b - +0 scale mail
rPois   inf        Reflect  .    g - +2 helmet
rElec   +          Harm     .    (no cloak)
rCorr   .          Rampage  .    (no gloves)
Will    +....                    (no boots)
Stlth   ..........               (no amulet)
HPRegen 0.11/turn                (no ring)
MPRegen 0.09/turn                (no ring)

@: about to teleport
A: sickness immunity, AC +4, negative energy resistance 1, electricity
resistance, torment resistance 1, petrification resistance, strong-willed 1,
subdued magic 1
a: no special abilities


You were on level 4 of the Dungeon.
You visited 1 branch of the dungeon, and saw 4 of its levels.

You collected 176 gold pieces.


Innate Abilities, Weirdness & Mutations

You are immune to sickness and miasma.
Your stone body is resilient. (AC +4)
You are immune to poison.
You resist negative energy. (rN+)
You are resistant to electric shocks. (rElec)
You are resistant to unholy torment.
You are immune to petrification.
You are strong-willed. (Will+)
Your spells are a little easier to cast, but a little less powerful.


   Skills:
 + Level 3.7 Fighting
 - Level 5.2 Axes
 - Level 3.2 Armour
 - Level 3.2 Shields


You had 4 spell levels left.
You didn't know any spells.
Your spell library was empty.

Inventory:

Hand Weapons
 e - a +1 whip of electrocution
 Y - a +0 war axe (weapon)
Missiles
 l - 2 boomerangs (quivered)
Armour
 b - a +0 scale mail (worn)
 c - a +0 buckler (worn)
 g - a +2 helmet (worn)
Scrolls
 a - a scroll of noise {unknown}
 i - a scroll of teleportation
Potions
 d - a potion of might
 f - 3 potions of curing
 h - a potion of resistance {unknown}
 j - a potion of haste {unknown}
 k - a potion of mutation
 m - a potion of attraction {unknown}

Dungeon Overview and Level Annotations

Branches:
Dungeon (4/15)
 Temple: D:4-7

Altars:

Shops:
D:2 (

Annotations:
D:3 3 runed translucent doors, qw's ghost, amateur GrFi
D:4 Pikel


Message History

You hear a shout! x2
Throw: 2 boomerangs
Press: ? - help, Q - select action Shift-Dir - straight line, f - lemure You throw a boomerang.
The adder hisses angrily.
The boomerang hits the lemure.
The lemure is lightly wounded.
Throw: 2 boomerangs
Press: ? - help, Q - select action Shift-Dir - straight line, f/p - lemure You throw a boomerang.
The boomerang hits the lemure!
The lemure is moderately wounded.
A lemure comes into view.
A hound comes into view.
The hound barks!
You hear a shout! x3
The adder bites you but does no damage.
You miss the adder.
A lemure comes into view.
The adder bites you.
Pikel hits you with a +2 whip of flaming!
Pikel burns you.
An orc comes into view. It is wielding a +2 dagger of venom.
You closely miss Pikel. You miss the adder.
The adder bites you but does no damage. The adder bites you.
Pikel hits you with a +2 whip of flaming!
Pikel burns you.
You barely miss Pikel. You closely miss the adder.
The adder closely misses you. Pikel closely misses you.
You block the adder's attack.
You hit Pikel but do no damage. You hit the adder. Pikel barely misses you.
An orc comes into view. It is wielding a +0 flail.
The adder barely misses you.
Pikel hits you with a +2 whip of flaming.
Pikel burns you. The adder barely misses you.
The orc moves out of view.
2114 ||| READING 2 scrolls of teleportation.
As you read the scroll of teleportation, it crumbles to dust.
You feel strangely unstable. You block the adder's attack.
Pikel hits you with a +2 whip of flaming.
Pikel burns you.
You die...

# #.#.#
..o..o#####
#..hS@.<#
####K####
#5 .5 .#.
.... .# ##
..


You could see Pikel, 2 lemures, a hound, an adder and 2 orcs.

Vanquished Creatures
  Sigmund (D:3)
  An adder (D:3)
  A gnoll (D:1)
  A dart slug (D:1)
  An orc (D:3)
  9 ball pythons
  5 endoplasms
  2 giant cockroaches
  2 goblins (D:1)
  A hobgoblin (D:3)
  4 kobolds
  7 quokkas
  A bat (D:3)
  3 frilled lizards
  2 rats
41 creatures vanquished.

Vanquished Creatures (others)
  6 withered plants (D:3)
6 creatures vanquished.

Grand Total: 47 creatures vanquished

Notes
Turn   | Place    | Note
-------+----------+-------------------------------------------
     0 | D:1      | qw the Gargoyle Fighter began the quest for the Orb.
     0 | D:1      | Reached XP level 1. HP: 14/14 MP: 1/1
     0 | D:1      | 0 ||| qw: Version: 0.2-a-12-gaebbb33
     0 | D:1      | 0 ||| qw: Game counter: 1502
     0 | D:1      | 0 ||| qw: Always use a shield: true
     0 | D:1      | 0 ||| qw: God list: Okawaru
     0 | D:1      | 0 ||| qw: Allow faded altars: false
     0 | D:1      | 0 ||| qw: Do Orc after D:15 true
     0 | D:1      | 0 ||| qw: Do second Lair branch before Depths: true
     0 | D:1      | 0 ||| qw: Lair rune preference: random
     0 | D:1      | 0 ||| qw: Plans: Normal, Zot:1-4, God:TSO, Crypt, Tomb,
                  | Pan, Slime:5, Hells, Abyss, Orb
     0 | D:1      | 0 ||| PLANNING D:1-11
    32 | D:1      | 32 ||| Stepping ~*~*~tactically~*~*~ (hiding).
    39 | D:1      | Reached skill level 2 in Axes
    39 | D:1      | Reached XP level 2. HP: 17/19 MP: 2/2
   105 | D:1      | Found a faded altar of an unknown god.
   173 | D:1      | 173 ||| Stepping ~*~*~tactically~*~*~ (stealth).
   364 | D:1      | Reached skill level 3 in Axes
   366 | D:1      | Reached XP level 3. HP: 22/23 MP: 3/3
   456 | D:1      | 456 ||| DROPPING +0 club.
   639 | D:1      | 639 ||| DROPPING +0 whip.
   758 | D:1      | 758 ||| UPGRADING to +2 helmet.
   763 | D:1      | 763 ||| READING scroll labelled UNEV SEWEGOU.
   764 | D:1      | 764 ||| READING 2 scrolls labelled SAUGUOD TITWA.
   768 | D:1      | 768 ||| DRINKING 2 yellow potions.
   917 | D:2      | Found Upnudar's Weapon Shop.
  1449 | D:2      | 1449 ||| READING scroll labelled YXINIX DENLUI.
  1450 | D:2      | 1450 ||| READING scroll labelled YMOLYS MIRAQU.
  1451 | D:2      | 1451 ||| DRINKING 2 emerald potions.
  1451 | D:2      | Gained mutation: Your spells are a little easier to cast,
                  | but a little less powerful. [potion of mutation]
  1451 | D:2      | Gained mutation: You are strong-willed. (Will+) [potion of
                  | mutation]
  1483 | D:3      | Noticed Sigmund
  1484 | D:3      | 1484 ||| Stepping ~*~*~tactically~*~*~ (hiding).
  1487 | D:3      | 1487 ||| Stepping ~*~*~tactically~*~*~ (hiding).
  1488 | D:3      | 1488 ||| Stepping ~*~*~tactically~*~*~ (hiding).
  1499 | D:3      | Killed Sigmund
  1500 | D:3      | Reached skill level 5 in Axes
  1500 | D:3      | Reached XP level 4. HP: 20/28 MP: 4/4
  1500 | D:3      | Reached XP level 5. HP: 23/32 MP: 5/5
  1617 | D:3      | 1617 ||| Stepping ~*~*~tactically~*~*~ (stealth).
  1618 | D:3      | 1618 ||| Stepping ~*~*~tactically~*~*~ (stealth).
  1619 | D:3      | 1619 ||| Stepping ~*~*~tactically~*~*~ (stealth).
  1662 | D:3      | 1662 ||| Stepping ~*~*~tactically~*~*~ (stealth).
  1663 | D:3      | 1663 ||| Stepping ~*~*~tactically~*~*~ (stealth).
  1666 | D:3      | 1666 ||| Stepping ~*~*~tactically~*~*~ (stealth).
  1826 | D:3      | Found a runed translucent gate.
  1826 | D:3      | Found a runed translucent gate.
  1827 | D:3      | Found a runed translucent gate.
  1829 | D:3      | Noticed qw's ghost (amateur GrFi)
  1829 | D:3      | Noticed qw's ghost (amateur GrFi)
  2078 | D:3      | 2078 ||| READING scroll labelled RAMAONGEIMI.
  2079 | D:3      | 2079 ||| READING scroll labelled JISILU DEAS.
  2105 | D:4      | Noticed Pikel
  2105 | D:4      | Noticed a lemure
  2105 | D:4      | Noticed a lemure
  2108 | D:4      | Noticed a lemure
  2110 | D:4      | Noticed a lemure
  2113 | D:4      | HP: 7/33 [Pikel/+2 whip of flaming (2)]
  2114 | D:4      | 2114 ||| READING 2 scrolls of teleportation.
  2114 | D:4      | HP: 1/33 [Pikel/+2 whip of flaming (6)]
  2114 | D:4      | Slain by Pikel

Levels and vault maps discovered:
D:1:      shiori_shiawase, layout_loops_ring, dreamdust_ecumenical_altar_grove,
          serial_glass, glass_columns_c, glass_columns_b
D:2:      minmay_door_path, layout_basic, serial_shops,
          nicolae_shop_behind_doors, nicolae_figureground_pulse
D:3:      layout_rooms, gammafunk_ghost_cemetery, minmay_misc_feat_roman,
          uniq_sigmund
D:4:      layout_basic, mainiacjoe_overflow_big_doors, uniq_grinder,
          uniq_menkaure, uniq_pikel, uniq_crazy_yiuf_cottage

Skill      XL: |  1  2  3 |
---------------+----------+-----
Axes           | 2 3 5 |  5.2
Fighting       | |  3.7
Armour         | |  3.2
Shields        | |  3.2

Action                   |  1- 3 |  4- 6 || total
-------------------------+-------+-------++-------
Melee: War axe           |    71 |    46 ||   117
Throw: Boomerang         |       |    11 ||    11
  Use: Scroll            |     4 |     3 ||     7
       Potion            |     2 |       ||     2
Armor: Scale mail        |    20 |    21 ||    41
Dodge: Dodged            |    34 |    25 ||    59
Block: Buckler           |     8 |    12 ||    20

Table legend:
 A = Non-vault XP
 B = Vault XP
 C = Vault XP percentage of total XP
 D = Non-vault monster count
 E = Vault monster count
 F = Vault count percentage of total count
                 A         B        C        D         E       F
            +---------+---------+-------+---------+---------+-------
      Total |      89 |     227 |  71.8 |      39 |       2 |   4.9
            +---------+---------+-------+---------+---------+-------
        D:1 |      48 |       0 |   0.0 |      20 |       0 |   0.0
        D:2 |       5 |       1 |  16.7 |       4 |       1 |  20.0
        D:3 |      36 |     226 |  86.3 |      15 |       1 |   6.2
            +---------+---------+-------+---------+---------+-------
